TOP OF THE 1ST |
State College Spikes batting - Pitching for Los Angeles (NYP) Dodgers : RHP Dave Bible
|
Pitching: RHP Dave Bible
|
|
Batting: RHB Mario Mendoza
|
0-0: Ball 1-0: Called Strike 1-1: Swinging Strike 1-2: Ball 2-2: Foul Ball, location: 2F 2-2: Ball 3-2: Base on Balls
|
Batting: RHB Tim Cleary
|
0-0: Ball Mario Mendoza steals 2nd, throwing error, E2 Mario Mendoza to third 1-0: Called Strike 1-1: Ball Passed Ball! Mario Mendoza scores 2-1: Ground out 5-3 (Groundball, 5, EV 92.5 MPH)
|
Batting: RHB Mark Cahill
|
0-0: Called Strike 0-1: Swinging Strike 0-2: Ball 1-2: Foul Ball, location: 2F 1-2: Ball 2-2: Ball 3-2: Foul Ball, location: 2F 3-2: Ground out 4-3 (Groundball, 4, EV 102.5 MPH)
|
Batting: RHB Melvin Enriquez
|
0-0: Fly out, F4 (Popup, 4, EV 60.6 MPH)
|
Top of the 1st over - 1 run, 0 hits, 1 error, 0 left on base; State College 1 - Los Angeles (NYP) 0 |
BOTTOM OF THE 1ST |
Los Angeles (NYP) Dodgers batting - Pitching for State College Spikes : RHP Jorge Aguilar
|
Pitching: RHP Jorge Aguilar
|
|
Batting: RHB Leo Cuellar
|
0-0: Called Strike 0-1: Swinging Strike 0-2: Strikes out looking
|
Batting: LHB Bobby Gambrell
|
0-0: Ball 1-0: Ball 2-0: Ball 3-0: Called Strike 3-1: Called Strike 3-2: Base on Balls
|
Batting: RHB John Piccolo
|
0-0: Swinging Strike 0-1: 2-RUN HOME RUN (Flyball, 9D, EV 100.0 MPH), Distance : 376 ft
|
Batting: LHB Kippy McGrath
|
0-0: Fly out, F7 (Flyball, 7, EV 86.2 MPH)
|
Batting: SHB Chris Ackerson
|
0-0: Called Strike 0-1: Ball 1-1: Foul Ball, location: 2F 1-2: SINGLE (Groundball, 4D, EV 99.4 MPH)
|
Batting: RHB Jonathan Kirsch
|
0-0: Called Strike 0-1: Ball 1-1: Reached on error, E5 (Groundball, 56S, EV 82.5 MPH) Chris Ackerson to second
|
Batting: RHB Eddie Perry
|
0-0: Called Strike 0-1: Called Strike 0-2: Strikes out swinging
|
Bottom of the 1st over - 2 runs, 2 hits, 1 error, 2 left on base; State College 1 - Los Angeles (NYP) 2 |
TOP OF THE 2ND |
State College Spikes batting - Pitching for Los Angeles (NYP) Dodgers : RHP Dave Bible
|
Batting: RHB Immel Kamuzu
|
0-0: Called Strike 0-1: Swinging Strike 0-2: Foul Ball, location: 2F 0-2: SINGLE (Groundball, 6MS, EV 87.5 MPH) (infield hit)
|
Batting: RHB Justin Reich
|
0-0: Ball 1-0: Called Strike Immel Kamuzu steals 2nd, throwing error, E2 Immel Kamuzu to third 1-1: Ball 2-1: Ball Wild Pitch! Immel Kamuzu scores 3-1: Base on Balls
|
Batting: RHB Brad Payne
|
0-0: Ball 1-0: Fielders Choice at 2nd, 5-4 (Groundball, 56, EV 94.4 MPH)
|
Batting: LHB Adam Eisen
|
0-0: Ball 1-0: Ball 2-0: Ball 3-0: Base on Balls Brad Payne to second
|
Batting: RHB Ray Souza
|
0-0: Fielders Choice at 2nd, 4-6 (Groundball, 4M, EV 105.6 MPH) Brad Payne to third
|
Batting: RHB Mario Mendoza
|
0-0: Foul Ball, location: 2F 0-1: Ball 1-1: Foul Ball, location: 2F 1-2: TRIPLE (Flyball, 78XD, EV 95.0 MPH) Brad Payne scores Ray Souza scores
|
Batting: RHB Tim Cleary
|
0-0: Ball Wild Pitch! Mario Mendoza scores 1-0: Fly out, F8 (Flyball, 8RM, EV 88.8 MPH)
|
Top of the 2nd over - 4 runs, 2 hits, 1 error, 0 left on base; State College 5 - Los Angeles (NYP) 2 |
BOTTOM OF THE 2ND |
Los Angeles (NYP) Dodgers batting - Pitching for State College Spikes : RHP Jorge Aguilar
|
Batting: LHB Fernando Amaya
|
0-0: Ball 1-0: Fly out, F3 (Line Drive, 34, EV 103.1 MPH)
|
Batting: RHB Jonathan Quijada
|
0-0: Called Strike 0-1: Ball 1-1: Ball 2-1: Foul Ball, location: 2F 2-2: Foul Ball, location: 2F 2-2: SINGLE (Flyball, 34D, EV 86.9 MPH)
|
Batting: RHB Leo Cuellar
|
0-0: Grounds into double play, 5-4-3 (Groundball, 56S, EV 86.2 MPH)
|
Bottom of the 2nd over - 0 runs, 1 hit, 0 errors, 0 left on base; State College 5 - Los Angeles (NYP) 2 |
TOP OF THE 3RD |
State College Spikes batting - Pitching for Los Angeles (NYP) Dodgers : RHP Dave Bible
|
Batting: RHB Mark Cahill
|
0-0: Called Strike 0-1: Ball 1-1: Ball 2-1: Ball 3-1: DOUBLE (Flyball, 8RXD, EV 104.4 MPH)
|
Batting: RHB Melvin Enriquez
|
0-0: Ball Passed Ball! Mark Cahill to third 1-0: Called Strike 1-1: Swinging Strike 1-2: Ball 2-2: Foul Ball, location: 2F 2-2: Ground out U3 (Groundball, 34, EV 82.5 MPH) Mark Cahill scores
|
Batting: RHB Immel Kamuzu
|
0-0: Ball 1-0: Called Strike 1-1: Swinging Strike 1-2: Foul Ball, location: 2F 1-2: Ground out 1-3 (Groundball, 25, EV 66.9 MPH)
|
Batting: RHB Justin Reich
|
0-0: Ball 1-0: Ball 2-0: Ball 3-0: Called Strike 3-1: Ground out 6-3 (Groundball, 56, EV 98.1 MPH)
|
Top of the 3rd over - 1 run, 1 hit, 0 errors, 0 left on base; State College 6 - Los Angeles (NYP) 2 |
BOTTOM OF THE 3RD |
Los Angeles (NYP) Dodgers batting - Pitching for State College Spikes : RHP Jorge Aguilar
|
Batting: LHB Bobby Gambrell
|
0-0: Called Strike 0-1: Foul Ball, location: 2F 0-2: Strikes out swinging
|
Batting: RHB John Piccolo
|
0-0: Foul Ball, location: 2F 0-1: Called Strike 0-2: Strikes out swinging
|
Batting: LHB Kippy McGrath
|
0-0: Called Strike 0-1: Swinging Strike 0-2: Ball 1-2: Foul Ball, location: 2F 1-2: Strikes out looking
|
Bottom of the 3rd over - 0 runs, 0 hits, 0 errors, 0 left on base; State College 6 - Los Angeles (NYP) 2 |
TOP OF THE 4TH |
State College Spikes batting - Pitching for Los Angeles (NYP) Dodgers : RHP Dave Bible
|
Batting: RHB Brad Payne
|
0-0: Called Strike 0-1: Ball 1-1: Ground out 6-3 (Groundball, 6, EV 96.9 MPH)
|
Batting: LHB Adam Eisen
|
0-0: Called Strike 0-1: Foul Ball, location: 2F 0-2: Ball 1-2: Foul Ball, location: 2F 1-2: Ball 2-2: Fly out, F7 (Flyball, 78D, EV 105.6 MPH)
|
Batting: RHB Ray Souza
|
0-0: Ball 1-0: Called Strike 1-1: Ball 2-1: Ground out 6-3 (Groundball, 6, EV 110.6 MPH)
|
Top of the 4th over - 0 runs, 0 hits, 0 errors, 0 left on base; State College 6 - Los Angeles (NYP) 2 |
BOTTOM OF THE 4TH |
Los Angeles (NYP) Dodgers batting - Pitching for State College Spikes : RHP Jorge Aguilar
|
Batting: SHB Chris Ackerson
|
0-0: Called Strike 0-1: Foul Ball, location: 2F 0-2: Strikes out swinging
|
Batting: RHB Jonathan Kirsch
|
0-0: Ball 1-0: Ball 2-0: Ball 3-0: Base on Balls
|
Batting: RHB Eddie Perry
|
0-0: Called Strike 0-1: Called Strike 0-2: Foul Ball, location: 2F 0-2: Ball 1-2: Foul Ball, location: 2F 1-2: Strikes out swinging
|
Batting: LHB Fernando Amaya
|
0-0: Called Strike 0-1: Swinging Strike 0-2: Ball 1-2: Foul Ball, location: 2F 1-2: Foul Ball, location: 2F 1-2: Ball 2-2: Foul Ball, location: 2F 2-2: Ground out 6-3 (Groundball, P, EV 90.6 MPH)
|
Bottom of the 4th over - 0 runs, 0 hits, 0 errors, 1 left on base; State College 6 - Los Angeles (NYP) 2 |
TOP OF THE 5TH |
State College Spikes batting - Pitching for Los Angeles (NYP) Dodgers : RHP Dave Bible
|
Pitching: RHP Lee Durbin
|
|
Batting: RHB Mario Mendoza
|
0-0: Called Strike 0-1: Ball 1-1: Ground out 4-3 (Groundball, 4S, EV 80.0 MPH)
|
Batting: RHB Tim Cleary
|
0-0: Ball 1-0: Ball 2-0: Foul Ball, location: 2F 2-1: Ground out 1-3 (Groundball, P, EV 65.6 MPH)
|
Batting: RHB Mark Cahill
|
0-0: Called Strike 0-1: Ball 1-1: Called Strike 1-2: Ball 2-2: Fly out, F8 (Flyball, 89M, EV 90.6 MPH)
|
Top of the 5th over - 0 runs, 0 hits, 0 errors, 0 left on base; State College 6 - Los Angeles (NYP) 2 |
BOTTOM OF THE 5TH |
Los Angeles (NYP) Dodgers batting - Pitching for State College Spikes : RHP Jorge Aguilar
|
Batting: RHB Jonathan Quijada
|
0-0: SINGLE (Groundball, 4MS, EV 71.2 MPH) (infield hit)
|
Batting: RHB Leo Cuellar
|
0-0: Ball Jonathan Quijada steals 2nd base 1-0: Ground out 5-3 (Groundball, 5, EV 100.6 MPH)
|
Batting: LHB Bobby Gambrell
|
0-0: Foul Ball, location: 2F 0-1: Fly out, F9 (Flyball, 9S, EV 72.5 MPH)
|
Batting: RHB John Piccolo
|
0-0: Called Strike 0-1: Called Strike 0-2: Strikes out swinging
|
Bottom of the 5th over - 0 runs, 1 hit, 0 errors, 1 left on base; State College 6 - Los Angeles (NYP) 2 |
TOP OF THE 6TH |
State College Spikes batting - Pitching for Los Angeles (NYP) Dodgers : RHP Lee Durbin
|
Batting: RHB Melvin Enriquez
|
0-0: Swinging Strike 0-1: Ball 1-1: Ball 2-1: Ball 3-1: Called Strike 3-2: Fly out, F8 (Flyball, 8LD, EV 92.5 MPH)
|
Batting: RHB Immel Kamuzu
|
0-0: Hit by Pitch
|
Batting: RHB Justin Reich
|
0-0: Called Strike Immel Kamuzu steals 2nd base 0-1: Ball Passed Ball! Immel Kamuzu to third 1-1: Foul Ball, location: 2F 1-2: SINGLE (Line Drive, 56D, EV 95.0 MPH) Immel Kamuzu scores
|
Batting: RHB Brad Payne
|
0-0: Ball 1-0: Called Strike 1-1: Ball 2-1: Ball 3-1: Base on Balls Justin Reich to second
|
Batting: LHB Adam Eisen
|
0-0: Called Strike 0-1: Foul Ball, location: 2F 0-2: Ball 1-2: Ball 2-2: Foul Ball, location: 2F 2-2: Ball 3-2: Base on Balls Justin Reich to third Brad Payne to second
|
Batting: RHB Ray Souza
|
0-0: Ball 1-0: Ball 2-0: Grounds into double play, 6-4-3 (Groundball, 6, EV 78.8 MPH)
|
Top of the 6th over - 1 run, 1 hit, 0 errors, 2 left on base; State College 7 - Los Angeles (NYP) 2 |
BOTTOM OF THE 6TH |
Los Angeles (NYP) Dodgers batting - Pitching for State College Spikes : RHP Jorge Aguilar
|
Batting: LHB Kippy McGrath
|
0-0: Foul Ball, location: 2F 0-1: Ball 1-1: Ball 2-1: SOLO HOME RUN (Flyball, 7LD, EV 95.0 MPH), Distance : 355 ft
|
Pitching: RHP Eric Glad
|
|
Batting: SHB Chris Ackerson
|
0-0: Called Strike 0-1: Swinging Strike 0-2: Ball 1-2: Foul Ball, location: 2F 1-2: Foul Ball, location: 2F 1-2: Ball 2-2: Ball 3-2: Ground out 6-3 (Groundball, 6, EV 84.4 MPH)
|
Batting: RHB Jonathan Kirsch
|
0-0: Ball 1-0: Fly out, F8 (Line Drive, 8LD, EV 93.1 MPH)
|
Batting: RHB Eddie Perry
|
0-0: Ball 1-0: Fly out, F8 (Flyball, 8RM, EV 85.0 MPH)
|
Bottom of the 6th over - 1 run, 1 hit, 0 errors, 0 left on base; State College 7 - Los Angeles (NYP) 3 |
TOP OF THE 7TH |
State College Spikes batting - Pitching for Los Angeles (NYP) Dodgers : RHP Lee Durbin
|
Pitching: RHP Willie Alvarado
|
|
Batting: RHB Mario Mendoza
|
0-0: SINGLE (Groundball, 5S, EV 72.5 MPH) (infield hit)
|
Batting: RHB Tim Cleary
|
0-0: Called Strike Mario Mendoza steals 2nd base (no throw) 0-1: Ball 1-1: Called Strike 1-2: DOUBLE (Line Drive, 9LS, EV 108.1 MPH) Mario Mendoza scores
|
Batting: RHB Mark Cahill
|
0-0: Called Strike 0-1: Called Strike 0-2: Ball 1-2: Ball 2-2: DOUBLE (Groundball, 3L, EV 103.1 MPH) Tim Cleary scores
|
Batting: RHB Melvin Enriquez
|
0-0: Ball 1-0: Swinging Strike 1-1: SINGLE (Groundball, 56D, EV 103.1 MPH) Mark Cahill to third Runner from 3rd tries for Home, SAFE, throw by LF to home
|
Batting: RHB Immel Kamuzu
|
0-0: Foul Ball, location: 2F 0-1: Ball 1-1: Ball Passed Ball! Melvin Enriquez to second 2-1: Ball Passed Ball! Melvin Enriquez to third 3-1: Base on Balls
|
Pinch Hitting: RHB Nate Allen
|
0-0: Called Strike 0-1: DOUBLE (Line Drive, 3D, EV 94.4 MPH) Melvin Enriquez scores Immel Kamuzu to third
|
Pitching: RHP Cody Colburn
|
|
Batting: RHB Brad Payne
|
0-0: Ball Passed Ball! Immel Kamuzu scores Nate Allen to third 1-0: Foul Ball, location: 2F 1-1: Swinging Strike 1-2: Ball 2-2: Strikes out swinging
|
Batting: LHB Adam Eisen
|
0-0: Swinging Strike 0-1: Ball Wild Pitch! Nate Allen scores 1-1: Ball 2-1: Ball 3-1: Base on Balls
|
Batting: RHB Ray Souza
|
0-0: Called Strike 0-1: Swinging Strike Passed Ball! Adam Eisen to second 0-2: Strikes out swinging, 2-3 out at first.
|
Batting: RHB Mario Mendoza
|
0-0: Called Strike 0-1: Foul Ball, location: 2F 0-2: Ball 1-2: Strikes out swinging
|
Top of the 7th over - 6 runs, 5 hits, 0 errors, 1 left on base; State College 13 - Los Angeles (NYP) 3 |
BOTTOM OF THE 7TH |
Los Angeles (NYP) Dodgers batting - Pitching for State College Spikes : RHP Eric Glad
|
Now at 2B: Nate Allen
|
|
Pinch Hitting: RHB Cesar Reyes
|
0-0: Swinging Strike 0-1: Ground out 6-3 (Groundball, 6S, EV 80.0 MPH)
|
Pinch Hitting: RHB Neal Jukic
|
0-0: Fly out, F9 (Flyball, 9, EV 81.2 MPH)
|
Batting: RHB Leo Cuellar
|
0-0: Ball 1-0: Called Strike 1-1: Reached on error, E5 (Groundball, 56, EV 78.8 MPH)
|
Batting: LHB Bobby Gambrell
|
0-0: Called Strike Leo Cuellar steals 2nd base 0-1: Ball 1-1: Foul Ball, location: 2F 1-2: Ball 2-2: Strikes out swinging
|
Bottom of the 7th over - 0 runs, 0 hits, 1 error, 1 left on base; State College 13 - Los Angeles (NYP) 3 |
TOP OF THE 8TH |
State College Spikes batting - Pitching for Los Angeles (NYP) Dodgers : RHP Cody Colburn
|
Now at 2B: Neal Jukic
|
|
Now at 3B: Bobby Gambrell
|
|
Now in RF: Pat Mage
|
|
Batting: RHB Tim Cleary
|
0-0: Foul Ball, location: 2F 0-1: Ball 1-1: Ball 2-1: Called Strike 2-2: Strikes out looking
|
Batting: RHB Mark Cahill
|
0-0: Ball 1-0: Called Strike 1-1: Foul Ball, location: 2F 1-2: Ball 2-2: Strikes out swinging
|
Batting: RHB Melvin Enriquez
|
0-0: Called Strike 0-1: Ball 1-1: Swinging Strike 1-2: Fly out, F9 (Flyball, 9LM, EV 89.4 MPH)
|
Top of the 8th over - 0 runs, 0 hits, 0 errors, 0 left on base; State College 13 - Los Angeles (NYP) 3 |
BOTTOM OF THE 8TH |
Los Angeles (NYP) Dodgers batting - Pitching for State College Spikes : RHP Eric Glad
|
Batting: RHB John Piccolo
|
0-0: Ball 1-0: Ball 2-0: Ball 3-0: Called Strike 3-1: Base on Balls
|
Batting: LHB Kippy McGrath
|
0-0: Ball 1-0: Called Strike 1-1: Called Strike 1-2: Foul Ball, location: 2F 1-2: SINGLE (Groundball, 34D, EV 105.0 MPH) John Piccolo to second
|
Batting: SHB Chris Ackerson
|
0-0: Ball 1-0: Ball 2-0: Ball Wild Pitch! John Piccolo to third Kippy McGrath to second 3-0: Called Strike 3-1: Fly out, F9 (Flyball, 9, EV 91.2 MPH)
|
Batting: RHB Jonathan Kirsch
|
0-0: Called Strike 0-1: Swinging Strike 0-2: DOUBLE (Flyball, 8RD, EV 90.6 MPH) John Piccolo scores Kippy McGrath scores
|
Batting: RHB Eddie Perry
|
0-0: Called Strike 0-1: Swinging Strike 0-2: Foul Ball, location: 2F 0-2: Ball Wild Pitch! Jonathan Kirsch to third 1-2: Ball 2-2: Fly out, F4 (Line Drive, 4, EV 66.9 MPH)
|
Pinch Hitting: LHB Jim Schriver
|
0-0: Foul Ball, location: 2F 0-1: Ball 1-1: Ball 2-1: Fly out, F6 (Flyball, 6D, EV 70.6 MPH)
|
Bottom of the 8th over - 2 runs, 2 hits, 0 errors, 1 left on base; State College 13 - Los Angeles (NYP) 5 |
TOP OF THE 9TH |
State College Spikes batting - Pitching for Los Angeles (NYP) Dodgers : RHP Cody Colburn
|
Now in RF: Mike Pesek
|
|
Batting: RHB Immel Kamuzu
|
0-0: Ball 1-0: Ball 2-0: Ball 3-0: Base on Balls
|
Pitching: RHP Cody Bryant
|
|
Batting: RHB Nate Allen
|
0-0: Called Strike 0-1: Ball Passed Ball! Immel Kamuzu to second 1-1: Swinging Strike Passed Ball! Immel Kamuzu to third 1-2: Ball 2-2: Ground out 6-3 (Groundball, 6, EV 90.6 MPH) Immel Kamuzu scores
|
Batting: RHB Brad Payne
|
0-0: Ball 1-0: Ball 2-0: DOUBLE (Groundball, 5L, EV 99.4 MPH)
|
Batting: LHB Adam Eisen
|
0-0: Called Strike 0-1: Ball Passed Ball! Brad Payne to third 1-1: TRIPLE (Line Drive, 78XD, EV 106.9 MPH) Brad Payne scores
|
Batting: RHB Ray Souza
|
0-0: Called Strike 0-1: Ball 1-1: Ground out 5-3 (Groundball, 56S, EV 83.1 MPH) Adam Eisen scores
|
Batting: RHB Mario Mendoza
|
0-0: Ground out 6-3 (Groundball, 6, EV 87.5 MPH)
|
Top of the 9th over - 3 runs, 2 hits, 0 errors, 0 left on base; State College 16 - Los Angeles (NYP) 5 |
BOTTOM OF THE 9TH |
Los Angeles (NYP) Dodgers batting - Pitching for State College Spikes : RHP Eric Glad
|
Batting: RHB Neal Jukic
|
0-0: Ground out U3 (Groundball, 34S, EV 82.5 MPH)
|
Batting: RHB Leo Cuellar
|
0-0: Swinging Strike 0-1: Ball 1-1: Called Strike 1-2: Foul Ball, location: 2F 1-2: Strikes out swinging
|
Batting: LHB Bobby Gambrell
|
0-0: Ball 1-0: Ground out 6-3 (Groundball, 6, EV 103.8 MPH)
|
Bottom of the 9th over - 0 runs, 0 hits, 0 errors, 0 left on base; State College 16 - Los Angeles (NYP) 5 |
|